 Dungeon Crawl Stone Soup version 0.29.1-15-g9cfb28693d (webtiles) character file.

Game seed: 12640811064127151651

2 Alturiack the Trooper (level 1, 18/19 HPs)
             Began as a Barachi Abyssal Knight on Apr 10, 2023.
             Was a Believer of Lugonu.
             Got out of the dungeon alive.
             The game lasted 00:02:48 (124 turns).

Alturiack the Trooper (Barachi Abyssal Knight)       Turns: 124, Time: 00:02:48

Health: 18/19      AC:  3    Str: 14    XL:     1   Next: 40%
Magic:  2/2        EV: 11    Int: 10    God:    Lugonu [**....]
Gold:   0          SH:  0    Dex: 12    Spells: 0/0 levels left

rFire   . . .      SeeInvis .   a - +1 falchion
rCold   . . .      Faith    .   (no shield)
rNeg    . . .      Spirit   .   b - +0 leather armour
rPois   .          Reflect  .   (no helmet)
rElec   .          Harm     .   (no cloak)
rCorr   .          Rampage  .   (no gloves)
Will    .....                   (no boots)
Stlth   +.........              (no amulet)
HPRegen 0.06/turn               (no ring)
MPRegen 0.08/turn               (no ring)

@: slow
A: amphibious, slowness 1, strong legs 1, +LOS
a: Hop, Renounce Religion, Depart the Abyss, Bend Space


You escaped.
You worshipped Lugonu.
Lugonu was pleased with you.
You visited 1 branch of the dungeon, and saw 1 of its levels.
You visited the Abyss 1 time.

Inventory:

Hand Weapons
 a - a +1 falchion (weapon)
Armour
 b - a +0 leather armour (worn)
Scrolls
 c - a scroll of identify {unknown}


   Skills:
 + Level 3.6 Fighting
 + Level 2.5 Long Blades
 + Level 2.5 Armour
 + Level 1.2 Dodging
 + Level 1.6 Invocations


You couldn't memorise any spells.
You didn't know any spells.
Your spell library was empty.

Dungeon Overview and Level Annotations

Branches:
Dungeon (1/15)

Altars:


Innate Abilities, Weirdness & Mutations

You are amphibious.
You cover ground slowly.
You can hop short distances.
You have an extended range of vision and can be seen from far away.


Message History

Hop to where?
Press: ? - help, Q - select action, (/) - cycle Dir - move target, f - you
Okay, then.
Hop to where?
Press: ? - help, Q - select action, (/) - cycle Dir - move target, f - you
Okay, then.
Hop to where?
Press: ? - help, Q - select action, (/) - cycle Dir - move target, f - ball python
Aim: a ball python (constricting you)
Okay, then.
Okay, then.
You hit the ball python.
You kill the ball python!
Lugonu accepts your kill.
Things that are here:
a +0 dagger; a ball python corpse
Things that are here:
a +0 dagger; 4 stones; a kobold corpse
Found a dagger.
c - a scroll labelled QEATZY XE TAY A rat comes into view.
Found a dagger.
The rat barely misses you. The rat closely misses you.
The rat attacks as you move away! The rat bites you.
You see here a +0 dagger.
The rat closely misses you.
You hit the rat.
You kill the rat!
Lugonu accepts your kill.
You see here a rat corpse.
You see here a +0 dagger.
You see here a rat corpse.
There is an open door here.
There is a staircase leading out of the dungeon here.
You can't go down here!
Are you sure you want to leave the Dungeon?
This will make you lose the game!
Alright, then stay!
Are you sure you want to leave the Dungeon?
This will make you lose the game!
You have escaped!

#######
#@'...#
#.#.#.#
#.#.#.#
#.#.#.#
#.#.#.#
#.#.#.#
#.#.#.#
#.#.#.#
#.#.#.#


There were no monsters in sight!

Vanquished Creatures
  A kobold (D:1)
  A ball python (D:1)
  A rat (D:1)
3 creatures vanquished.

Notes
Turn   | Place    | Note
-------+----------+-------------------------------------------
     0 | Abyss:1  | Alturiack the Barachi Abyssal Knight began the quest for
                  | the Orb.
     0 | Abyss:1  | Reached XP level 1. HP: 18/18 MP: 2/2
     0 | D:1      | Escaped the Abyss
   124 | D:$      | Got out of the dungeon alive.

Illustrated notes

Levels and vault maps discovered:
D:1:      wheals_arrival_linesprint, layout_basic, serial_forest,
          infiniplex_forest_zigzag_2, infiniplex_forest_corner_1,
          infiniplex_forest_zigzag_2, infiniplex_forest_lined_1,
          infiniplex_forest_straight_5, infiniplex_forest_corner_1,
          infiniplex_forest_clump_diagonal, infiniplex_forest_clump_long,
          infiniplex_forest_straight_2, infiniplex_forest_clump_small,
          ebering_ecumenical_altar_webs, minmay_misc_feat_diagonals

Action                   || total
-------------------------++-------
Melee: Falchion          ||     6
Invok: Depart the Abyss  ||     1
Armor: Leather armour    ||     1
Dodge: Dodged            ||     3
